 Dungeon Crawl Stone Soup version 0.30-a0-1016-gfb0d676c02 (webtiles) character file.

Game seed: 9098500119642607015

46 Mickster the Trooper (level 3, -1/29 HPs)
             Began as a Demonspawn Berserker on Apr 6, 2023.
             Was a Follower of Trog.
             Slain by Sigmund
             ... wielding a +1 scythe of protection
              (6 damage)
             ... on level 2 of the Dungeon.
             The game lasted 00:07:58 (1145 turns).

Mickster the Trooper (Demonspawn Berserker)         Turns: 1145, Time: 00:07:59

Health: -1/29      AC:  2    Str: 19    XL:     3   Next: 44%
Magic:  3/3        EV: 12    Int:  8    God:    Trog [*.....]
Gold:   30         SH:  0    Dex: 12    Spells: 2/2 levels left

rFire   . . .      SeeInvis .    f - +1 short sword (drain)
rCold   . . .      Faith    .    (no shield)
rNeg    . . .      Spirit   .    b - +0 animal skin
rPois   .          Reflect  .    (no helmet)
rElec   .          Rampage  .    (no cloak)
rCorr   .                        (no gloves)
Will    ++...                    (no boots)
Stlth   +                        (no amulet)
HPRegen 1.24/turn                (no ring)
MPRegen 0.08/turn                (no ring)

@: strong-willed (expiring), on berserk cooldown, regenerating (expiring),
slowed, very slow
A: powered by death 1
a: Renounce Religion, Berserk


You were on level 2 of the Dungeon.
You worshipped Trog.
Trog was aware of your devotion.
You visited 1 branch of the dungeon, and saw 2 of its levels.

You collected 30 gold pieces.

Inventory:

Hand Weapons
 a - a +0 hand axe
 f - a +1 short sword of draining (weapon)
Missiles
 c - 5 boomerangs (quivered)
 d - 6 stones
Armour
 b - a +0 animal skin (worn)
Scrolls
 e - a scroll of identify
Potions
 g - a potion of curing {unknown}


   Skills:
 + Level 3.5 Fighting
 - Level 3.2 Axes
 + Level 1.8 Armour
 + Level 2.5 Dodging


You had 2 spell levels left.
You didn't know any spells.
Your spell library was empty.

Dungeon Overview and Level Annotations

Branches:
Dungeon (2/15)

Altars:

Annotations:
D:2 Sigmund


Innate Abilities, Weirdness & Mutations

You regenerate a little health from kills.


Message History

You barely miss the adder.
Sigmund hits you from afar with a +1 scythe of protection.
You hit the adder. You drain the adder.
You kill the adder!
Trog accepts your kill.
You feel a strong urge to attack something.
Sigmund closely misses you. The endoplasm closely misses you.
You hit Sigmund.
Sigmund is lightly wounded.
You puncture Sigmund! You drain Sigmund.
Sigmund is heavily wounded.
You are no longer berserk.
You are exhausted.
You feel yourself slow down. Sigmund barely misses you.
The endoplasm hits you but does no damage.
You hit Sigmund but do no damage.
Sigmund is heavily wounded.
The endoplasm hits you.
Sigmund hits you with a +1 scythe of protection!
You hit Sigmund but do no damage. You drain Sigmund.
Sigmund is heavily wounded.
You feel the effects of Trog's Hand fading.
The endoplasm hits you but does no damage.
The endoplasm hits you.
Sigmund points at you and mumbles some strange words.
The magic dart hits you.
You barely miss Sigmund.
Sigmund is heavily wounded.
Sigmund hits you with a +1 scythe of protection!
* * * LOW HITPOINT WARNING * * *
The endoplasm hits you but does no damage.
You closely miss Sigmund.
Sigmund is heavily wounded.
The endoplasm hits you.
* * * LOW HITPOINT WARNING * * *
Sigmund barely misses you. The endoplasm closely misses you.
You hit Sigmund but do no damage.
Sigmund is heavily wounded.
Sigmund hits you with a +1 scythe of protection.
You die...

#.##....... #.#
#.#######.#
#.######.#######.#
#.#.............).
#.#.###..###.###.#
#.#.# #..# #.# #<#
# #.#.# #..# #.#
#.#
#.##.#.#.###..#
#.# #.#
#...J@.......# #.#
#.#
.......@#.####.#
#.# #.#
##.#...##.# #.#
#.# #.# #.#. ...
... ... #... #..#
### #### #..# #...
##.#


You could see Sigmund (very drained) and an endoplasm.

Vanquished Creatures
  2 adders (D:2)
  An endoplasm (D:1)
  A giant cockroach (D:1)
  4 goblins
  2 hobgoblins (D:1)
  2 kobolds
  A quokka (D:1)
  4 ball pythons
  5 bats
  2 frilled lizards (D:1)
  3 rats (D:1)
27 creatures vanquished.

Notes
Turn   | Place    | Note
-------+----------+-------------------------------------------
     0 | D:1      | Mickster the Demonspawn Berserker began the quest for the
                  | Orb.
     0 | D:1      | Reached XP level 1. HP: 18/18 MP: 1/1
   244 | D:1      | Gained mutation: You regenerate a little health from kills.
                  | [demonic ancestry]
   244 | D:1      | Reached XP level 2. HP: 24/24 MP: 2/2
   889 | D:2      | Reached ** piety under Trog
   890 | D:2      | Reached XP level 3. HP: 15/29 MP: 3/3
  1129 | D:2      | Noticed Sigmund
  1145 | D:2      | Slain by Sigmund

Illustrated notes

Levels and vault maps discovered:
D:1:      wander_arrival_estate, layout_basic
D:2:      layout_loops_ring, uniq_sigmund

Skill      XL: |  1  2 |
---------------+-------+-----
Axes           | 3 |  3.2
Dodging        | 2 |  2.5
Fighting       | |  3.5
Armour         | |  1.8

Action                     || total
---------------------------++-------
  Melee: Hand axe          ||    66
         Short sword       ||    14
  Throw: Boomerang         ||     4
 Invoke: Berserk           ||     1
         Trog's Hand       ||     1
    Use: Scroll            ||     2
 Armour: Animal skin       ||    41
  Dodge: Dodged            ||    73

Table legend: (Time is in decaauts)
 A = Elapsed time spent in this place.
 B = Non-inter-level travel time spent in this place.
 C = Inter-level travel time spent in this place.
 D = Time resting spent in this place.
 E = Time spent auto-exploring this place.
 F = Levels seen in this place.
 G = Mean time per level.
                   A        B        C        D        E       F      G
               +--------+--------+--------+--------+--------+-----+--------+
         Total |   1154 |   1087 |     67 |    268 |      0 |   2 |  577.0 |
       Dungeon |   1154 |   1087 |     67 |    268 |      0 |   2 |  577.0 |
               +--------+--------+--------+--------+--------+-----+--------+

Top non-repeatable levels by time:
     D:1: 884 daAuts
     D:2: 270 daAuts
